Map: Persephone LE

Players

bones

  • Race: Terran Terran
  • Spawn Location: 7:00

A.I. 1 (Very Easy)

  • Race: Zerg Zerg
  • Spawn Location: 11:00

VOD

Have the link to the VOD?

Description

Time

  • Played on: Aug. 9, 2025, 6:48 p.m.
  • Length: 7:58
Show
View Real Time Build Order
Export as new Build Order

bones Terran 

Build Orders: Liberator Opening, Reaper Expand 

Get SALT Encoding   

  12  0:00  SCV  
  13  0:12  SCV  
  14  0:17  Supply Depot  
  14  0:27  SCV  
  15  0:40  SCV  
  15  0:42  Barracks  
  16  0:45  Refinery  
  16  0:52  SCV  
  17  1:04  SCV  
  18  1:16  SCV  
  19  1:29  Reaper  
  19  1:30  Orbital Command  
  20  1:40  Command Center  
  20  1:55  Supply Depot  
  20  2:01  Marine  
  20  2:06  Factory  
  21  2:11  SCV  
  22  2:23  SCV  
  22  2:24  Barracks Reactor  
  22  2:25  Bunker  
  23  2:30  Refinery  
  23  2:38  SCV  
  24  2:50  SCV  
  25  2:52  Orbital Command  
  25  2:59  Starport  
  25  3:07  SCV  
  25  3:08  Barracks Tech Lab  
  25  3:11  Hellion  
  25  3:12  Hellion  
  30  3:19  SCV  
  31  3:31  SCV  
  31  3:32  Stimpack  
  31  3:33  Hellion x2  
  36  3:45  SCV x2  
  38  3:54  Liberator  
  41  3:57  SCV x2, Supply Depot, Hellion  
  45  4:09  SCV  
  46  4:16  Command Center  
  46  4:19  SCV, Hellion  
  46  4:21  SCV  
  46  4:24  Supply Depot  
  50  4:28  Hellion  
  50  4:31  SCV  
  53  4:37  Starport Reactor  
  53  4:44  Barracks  
  53  4:47  Barracks  
  53  4:51  Engineering Bay  
  53  4:52  SCV x2, Engineering Bay  
  55  4:58  Refinery  
  55  4:59  Refinery  
  55  5:04  SCV x2  
  57  5:12  Combat Shield  
  57  5:16  SCV x2  
  57  5:20  Terran Infantry Armor Level 1, Terran Infantry Weapons Level 1  
  59  5:28  Orbital Command  
  59  5:29  SCV x2  
  59  5:31  Starport Reactor  
  61  5:41  SCV x2  
  63  5:47  Factory Tech Lab  
  63  5:48  Supply Depot  
  63  5:53  SCV x2  
  63  5:54  Supply Depot  
  65  6:00  Orbital Command  
  65  6:05  SCV, Marine  
  65  6:06  Marine x4  
  65  6:07  Siege Tank  
  74  6:13  Supply Depot  
  74  6:18  SCV x2  
  76  6:23  Marine x2  
  76  6:24  Marine x3  
  81  6:30  SCV x2  
  87  6:33  SCV  
  88  6:41  Marine x3  
  88  6:42  SCV x2  
  88  6:45  Siege Tank  
  88  6:46  SCV, Armory  
  97  6:48  Medivac x2  
  97  6:54  SCV, Barracks  
  97  6:55  Marine x2  
  97  6:56  Barracks  
  97  6:59  Marine  
  101  7:16  SCV x3, Marine x2  
  101  7:20  Supply Depot  
  106  7:23  Marine  
  106  7:24  Marine x2  
  109  7:42  SCV x2  
  117  7:46  Supply Depot  
Show
View Real Time Build Order
Export as new Build Order

A.I. 1 (Very Easy) Zerg 

Build Orders: Hatch First 

Get SALT Encoding   

  12  0:01  Drone  
  13  0:12  Overlord  
  13  0:16  Drone  
  14  0:42  Hatchery  
  13  0:43  Drone  
  14  1:01  Spawning Pool  
  14  1:03  Extractor  
  12  1:05  Drone  
  13  1:12  Drone  
  13  1:18  Overlord  
  14  1:49  Zergling x2  
  14  1:50  Zergling x2, Queen  
  18  1:57  Roach Warren  
  17  2:04  Drone  
  17  2:07  Extractor  
  17  2:11  Drone  
  18  2:16  Zergling x2  
  20  2:22  Drone  
  20  2:30  Drone  
  20  2:37  Drone  
  21  2:44  Drone  
  22  2:51  Drone  
  23  2:59  Drone  
  24  3:06  Drone  
  24  3:08  Roach  
  27  3:13  Drone  
  27  3:18  Overlord  
  28  3:23  Drone  
  29  3:30  Drone  
  30  3:37  Drone  
  30  3:44  Drone  
  31  3:51  Drone  
  31  3:55  Overlord  
  32  3:59  Drone, Roach  
  35  4:03  Lair  
  35  4:06  Drone  
  36  4:15  Drone  
  37  4:22  Drone  
  38  4:29  Drone  
  39  4:36  Drone  
  40  4:43  Drone  
  40  4:45  Overlord  
  41  4:50  Drone  
  41  4:51  Roach  
  44  4:58  Drone  
  45  5:00  Overseer  
  45  5:03  Overseer  
  45  5:06  Drone  
  46  5:13  Drone  
  46  5:14  Extractor  
  46  5:19  Extractor  
  46  5:20  Drone  
  46  5:27  Drone  
  47  5:35  Drone  
  48  5:42  Drone, Roach  
  51  5:49  Drone  
  49  5:56  Drone  
  48  6:03  Drone  
  45  6:10  Drone  
  41  6:18  Drone  
  41  6:25  Drone  
  42  6:32  Drone  
  40  6:34  Roach  
  40  6:39  Drone  
  42  6:46  Drone  
  43  6:54  Drone  
  43  7:01  Drone  
  43  7:08  Drone  
  44  7:15  Drone  
  40  7:22  Drone  
  40  7:25  Zergling x2  
  40  7:29  Drone  
  42  7:37  Drone  
  41  7:44  Drone  
Tags
 
Add a new tag
Caveats
  • Supply blocks, unpowered buildings, or Contaminate may cause inaccurate times.
  • Supply counts are checked every 10 seconds.